cohdb
Replays
Latest Replays
All Replays
Popular Replays
Top Player Replays
Match Explorer
How It Works
Community
CoH3 Stats
Reddit
Sign in to upload your games and track your stats! →
Sign in with Steam
Match 38533048
Unlisted
Match 38533048
Overview
Messages
Build Orders
End
Scout Squad
Construct Barracks
Riflemen Squad
Riflemen Squad
Riflemen Squad
Infantry Support Center
Construct Medical Station
Grenade Package
M1918 Browning Automatic Rifles
Construct Weapon Support Center
Selects Airborne Battlegroup
Selects Pathfinders
Selects Paratrooper Squad Paradrop
Paratrooper Squad Paradrop
Selects Anti-tank Gun Team Paradrop
Advanced Logistics
M3 Armored Personnel Carrier
Paratrooper Squad Paradrop
Bazooka Squad
Engineer Squad
Construct Tank Depot
Selects Recon Loiter
Selects Supply Drop
Selects Dual P-47 Rocket Strike
Dual P-47 Rocket Strike
M4A1 Sherman Medium Tank
Dual P-47 Rocket Strike
M18 Hellcat Tank Destroyer
REGULATOR
grun59
0
0
Comments
sign in to comment!
No comments posted yet!